 Dungeon Crawl Stone Soup version 0.27.1-34-g3ba077fa99 (webtiles) character file.

Game seed: 13340886900444397516

3 cbfl8 the Sneak (level 1, -5/20 HPs)
             Began as a Minotaur Delver on Jan 20, 2022.
             Slain by an iguana (9 damage)
             ... on level 4 of the Dungeon.
             The game lasted 00:01:23 (192 turns).

cbfl8 the Sneak (Minotaur Delver)                    Turns: 192, Time: 00:01:23

Health: -5/20      AC:  3    Str: 16    XL:     1   Next: 41%
Magic:  0/0        EV: 11    Int:  7    God:
Gold:   23         SH:  0    Dex: 11    Spells: 0/0 levels left

rFire    . . .     SeeInvis .   a - +0 hand axe
rCold    . . .     Faith    .   (no shield)
rNeg     . . .     Spirit   .   b - +0 leather armour
rPois    .         Reflect  .   (helmet restricted)
rElec    .         Harm     .   (no cloak)
rCorr    .         Rampage  .   (no gloves)
Will     .....                  (no boots)
Stlth    ++........             (no amulet)
HPRegen  0.06/turn              (no ring)
MPRegen  0.07/turn              (no ring)

@: no status effects
A: horns 2, retaliatory headbutt
a: no special abilities


You were on level 4 of the Dungeon.
You visited 1 branch of the dungeon, and saw 2 of its levels.
You also visited: Ossuary.

You collected 56 gold pieces.
You spent 33 gold pieces at shops.

Inventory:

Hand Weapons
 a - a +0 hand axe (weapon)
Armour
 b - a +0 leather armour (worn)
Wands
 g - a wand of digging (3)
 h - a wand of iceblast (12)
Scrolls
 c - a scroll of fog
 d - a scroll of magic mapping
 e - a scroll of fear
 k - a scroll of identify {unknown}
 l - a scroll of holy word {unknown}
 m - a scroll of teleportation
Potions
 f - a potion of haste
 i - a potion of brilliance {unknown}
 j - a potion of cancellation {unknown}


   Skills:
 + Level 3.6 Fighting
 + Level 2.4 Axes
 + Level 2.2 Dodging
 + Level 4.2 Stealth


You couldn't memorise any spells.
You didn't know any spells.
Your spell library was empty.

Dungeon Overview and Level Annotations

Branches:
Dungeon (5/15)            Ossuary (visited)
 Temple: D:4-7

Altars:

Shops:
D:4 *?**


Innate Abilities, Weirdness & Mutations

You have a pair of horns on your head.
You reflexively headbutt those who attack you in melee.


Message History

You climb upwards.
There is a stone staircase leading down here.
Found 19 gold pieces.
Found 4 gold pieces.
You now have 52 gold pieces (gained 19).
Found Secwies's Magic Scroll Shop.
A ball python comes into view.
Found three shops.
You see here 4 gold pieces.
You now have 56 gold pieces (gained 4).
The ball python hisses angrily.
You hit the ball python.
You kill the ball python!
Found a scroll labelled BYGHUM YKLAIHU.
You see here a ball python corpse.
l - a scroll labelled BYGHUM YKLAIHU
There is an entrance to Olowko's General Store here.
m - a scroll of teleportation Thank you for shopping at Olowko's General Store!
There is an entrance to Secwies's Magic Scroll Shop here.
There is an entrance to Huasanes's Assorted Antiques here.
There is an entrance to Laneshai's General Store here.
An iguana comes into view.
The iguana hisses angrily.
The iguana hisses menacingly.
The iguana closely misses you.
A hobgoblin comes into view.
Found 13 arrows.
Found a stone staircase leading up.
The iguana completely misses you. You furiously retaliate!
You headbutt the iguana, but do no damage.
Your leather armour prevents you from hitting the iguana.
Your headbutt misses the iguana. The iguana misses you. The iguana bites you!
You hit the iguana but do no damage.
The hobgoblin shouts!
The iguana bites you!
* * * LOW HITPOINT WARNING * * *
You hit the iguana.
The iguana is moderately wounded.
The iguana bites you!
You die...

##.##.##.########
#..............#####
#.##.##.#..........##
#.##.##.#†♣.♣.♣.♣...#
#.......#..♣.∩.♣...#.
#####.#....♣.♣.♣.♣..#.
##. #.#.....∩...∩.....
##... #l#....♣.♣.♣.♣....
#.....#@#.....♣.∩.♣..##.
<.......#....♣.♣.♣.♣....
#..g..###..............#
##...# #........###...##
##.# #.####.### #.#.# #.
#. #.# ...l.# # #
#.##.##.### ...# #.# #..
..#


You could see an iguana and a hobgoblin.

Vanquished Creatures
  An orc (D:5)
  A ball python (D:4)
2 creatures vanquished.

Notes
Turn   | Place    | Note
-------+----------+-------------------------------------------
     0 | D:5      | cbfl8 the Minotaur Delver began the quest for the Orb.
     0 | D:5      | Reached XP level 1. HP: 19/19 MP: 0/0
     7 | D:5      | Found a sand-covered staircase.
    13 | Ossuary  | Entered an ossuary
   100 | D:4      | Found Secwies's Magic Scroll Shop.
   101 | D:4      | Found Huasanes's Assorted Antiques.
   101 | D:4      | Found Laneshai's General Store.
   101 | D:4      | Found Olowko's General Store.
   127 | D:4      | Bought a scroll of teleportation for 33 gold pieces
   146 | D:4      | Noticed an iguana
   192 | D:4      | Slain by an iguana

Illustrated notes

Levels and vault maps discovered:
D:4:      layout_loops_cross, gammafunk_ghost_icy, minmay_shop_grid_forest,
          uniq_menkaure, uniq_robin
D:5:      layout_cave_pods, mainiacjoe_overflow_concentric_impassable,
          nicolae_ossuary_entry_false_entrances, uniq_grinder

Action                   || total
-------------------------++-------
Melee: Hand axe          ||     6
Dodge: Dodged            ||     4
